Map: Dusk Towers

Players

LilDicky

  • Race: Terran Terran
  • League: Diamond

BillGates - Winner!

  • Race: Zerg Zerg
  • League: Gold

VOD

http://www.twitch.tv/tumescentpie

Description

Time

  • Played on: Dec. 1, 2015, 2:32 p.m.
  • Length: 23:40
Show
View Real Time Build Order
Export as new Build Order

LilDicky Terran 

Build Orders: Liberator Opening, Bio Tank 

Get SALT Encoding   

  12  0:02  SCV  
  13  0:14  SCV  
  13  0:19  Supply Depot  
  14  0:27  SCV, Refinery  
  15  0:40  SCV  
  16  0:46  Barracks  
  16  0:54  SCV  
  17  1:06  SCV  
  18  1:18  SCV  
  20  1:37  Reaper  
  20  1:39  Orbital Command  
  20  1:45  Command Center  
  20  2:02  Refinery  
  20  2:05  SCV, Factory  
  21  2:18  Supply Depot  
  21  2:21  Barracks Tech Lab  
  21  2:22  SCV  
  22  2:34  SCV  
  23  2:46  SCV  
  23  3:07  Orbital Command  
  23  3:10  Marine  
  23  3:11  Siege Tank  
  23  3:12  SCV  
  28  3:21  Command Center  
  28  3:31  Barracks Reactor  
  28  3:32  SCV  
  29  3:35  SCV  
  29  3:36  Starport  
  29  3:38  Refinery  
  30  3:44  SCV  
  30  3:46  Siege Tank  
  34  3:50  SCV  
  35  3:57  SCV  
  35  3:58  Liberator  
  36  4:04  SCV  
  38  4:10  SCV, Marine  
  38  4:11  Marine  
  43  4:18  SCV  
  44  4:26  Refinery  
  44  4:29  Marine x2  
  46  4:33  Siege Tank, Orbital Command  
  46  4:37  SCV  
  46  4:38  SCV  
  51  4:40  Supply Depot  
  51  4:49  SCV  
  51  4:50  SCV  
  54  4:55  Marine x2  
  55  5:01  SCV  
  56  5:11  Liberator x2  
  57  5:16  Siege Tank  
  59  5:25  Engineering Bay  
  59  5:26  Engineering Bay  
  59  5:27  Barracks Reactor  
  59  5:28  Barracks x2  
  59  5:34  Orbital Command  
  65  5:42  SCV x2  
  67  5:54  SCV  
  67  5:56  Command Center  
  68  5:57  Supply Depot  
  68  6:00  Supply Depot  
  68  6:09  Missile Turret, Liberator  
  68  6:11  SCV  
  69  6:15  Missile Turret  
  69  6:16  Barracks Tech Lab x2  
  69  6:19  SCV, Siege Tank  
  69  6:20  Supply Depot  
  69  6:24  SCV  
  77  6:36  Marine  
  77  6:37  Marine x3  
  77  6:39  SCV  
  57  6:40  Refinery, Liberator  
  82  6:42  Combat Shields, Stimpack  
  82  6:47  Supply Depot  
  82  6:54  Siege Tank, Marine  
  82  6:58  SCV x2  
  88  7:02  Terran Infantry Weapons Level 1  
  88  7:03  Terran Infantry Armor Level 1  
  88  7:07  SCV  
  89  7:10  SCV x2  
  91  7:19  SCV  
  92  7:27  Marine  
  93  7:36  SCV x2, Missile Turret  
  95  7:37  Liberator x2  
  95  7:47  Marine x3  
  95  7:48  Marine  
  99  7:52  Barracks  
  99  7:53  Barracks, Missile Turret  
  99  7:54  Barracks  
  99  7:56  Barracks  
  105  8:00  Refinery  
  105  8:02  Missile Turret  
  105  8:03  Missile Turret  
  105  8:05  Marine x2  
  107  8:06  SCV x3  
  110  8:12  Armory  
  110  8:14  Missile Turret  
  110  8:17  Missile Turret  
  110  8:18  SCV, Missile Turret x2  
  110  8:19  Marine x2  
  113  8:21  Siege Tank  
  116  8:28  Supply Depot  
  116  8:30  Supply Depot  
  116  8:31  Marine  
  117  8:36  Orbital Command  
  117  8:41  Supply Depot  
  117  8:44  Barracks Reactor x2, Barracks Tech Lab x2  
  117  8:45  Marine  
  117  8:46  Concussive Shells, Marine  
  119  8:49  Marine x2  
  121  9:01  Medivac x2  
  125  9:03  Marine  
  125  9:05  Marauder  
  128  9:12  Factory  
  128  9:14  Starport  
  128  9:18  Missile Turret  
  128  9:22  Marine  
  128  9:23  Supply Depot, Missile Turret x2, Marine x4  
  133  9:25  Supply Depot  
  133  9:29  Marine x2  
  133  9:30  Marauder  
  133  9:31  Marine  
  136  9:34  SCV  
  138  9:40  Marine  
  139  9:46  SCV, Liberator x2  
  140  10:00  Marine x2  
  140  10:01  Marine x5  
  140  10:02  Marauder x3  
  159  10:08  Starport Reactor  
  159  10:09  Factory Tech Lab  
  159  10:14  Siege Tank  
  159  10:19  Marauder  
  160  10:39  Liberator x2, Marine x3  
  160  10:40  Marine x5, Liberator  
  160  10:41  Marauder x2  
  154  10:51  Liberator  
  154  10:56  Command Center  
  160  10:57  Marine  
  160  10:59  Terran Infantry Weapons Level 2, Terran Infantry Armor Level 2  
  164  11:06  Starport  
  164  11:08  Marine x5  
  164  11:09  Starport  
  164  11:10  Supply Depot  
  172  11:20  Supply Depot  
  172  11:23  Supply Depot  
  172  11:26  Marauder x3, Marine x2  
  180  11:36  Thor  
  186  11:41  Thor, Terran Vehicle And Ship Armor Level 1  
  186  11:45  Starport Tech Lab  
  186  11:46  Armory  
  192  11:50  Starport Tech Lab  
  192  11:51  Marine x2  
  194  11:54  Command Center  
  172  12:10  Armory  
  106  12:24  Orbital Command  
  79  12:50  SCV x2  
  79  12:51  SCV x2  
  83  12:58  Siege Tank x2  
  83  12:59  Marine x10  
  83  13:02  Banshee x2, SCV  
  83  13:03  SCV x3, Cloaking Field  
  109  13:10  Terran Ship Weapons Level 1  
  109  13:15  SCV  
  109  13:16  Marine  
  109  13:17  Marine x5  
  109  13:18  Marauder x3  
  122  13:20  Marine  
  122  13:26  Terran Infantry Weapons Level 3  
  123  13:30  Siege Tank x2  
  123  13:31  SCV, Terran Infantry Armor Level 3  
  123  13:32  SCV  
  131  13:34  Marine  
  131  13:37  Refinery  
  131  13:39  SCV x2, Marine  
  131  13:40  Refinery, Marine x2  
  137  13:47  Marine x2  
  137  13:48  Marauder  
  141  13:49  Banshee x2  
  147  13:57  Marauder, Marine x2  
  151  14:03  Command Center  
  138  14:47  Marine  
  138  14:49  Marine  
  138  14:50  Marine  
  141  15:07  Marine x2  
  99  15:56  Liberator x2  
  99  15:57  Liberator x2  
  72  16:08  Marine  
  72  16:09  Marine x9  
  72  16:10  Siege Tank x2  
  88  16:12  Banshee x2  
  106  16:31  Marine x10  
  116  16:39  Liberator  
  116  16:42  Siege Tank  
  119  16:50  Marauder x2  
  123  16:55  Banshee x2  
  129  17:03  Marine x2  
  129  17:04  Marauder x2  
  105  17:37  Banshee  
  105  17:38  Banshee  
  105  17:42  Marine x2  
  113  17:44  Command Center  
  113  17:48  Refinery, Marine x2  
  113  17:49  Marine x5  
  113  17:50  Marine  
  121  17:52  Refinery  
  118  18:00  Marine x2  
  120  18:06  Marine  
  51  18:57  Marine x2  
  51  18:58  Marauder x2  
  51  19:01  Marine  
  51  19:02  Marine  
  59  19:04  Marine  
  59  19:05  Marine x3  
  63  19:14  Marine  
  63  19:15  Marine  
  65  19:18  Marine  
  65  19:19  Marine x2  
  65  19:21  Command Center  
  65  19:23  Marauder x2  
  72  19:51  Marine  
  67  20:01  Marine  
  67  20:02  Marine x8  
  70  20:09  Marine  
  70  20:10  SCV  
  72  20:19  Marine  
  72  20:21  Marauder  
  75  20:24  Siege Tank  
  75  20:25  Siege Tank, Medivac  
  75  20:26  Medivac  
  85  20:39  Marine x3  
  85  20:40  Marine, Marauder x2  
  94  20:57  Hellion  
  94  21:00  Marine x2  
  94  21:03  Marine x6  
  94  21:04  Marine x2  
  98  21:18  Marine x2  
  99  21:21  Marine x4  
  101  21:26  Marine  
  87  22:01  Marine  
  87  22:02  Marine x4  
  87  22:03  Marauder x2  
  87  22:05  Thor x2  
  87  22:07  Medivac x5  
  118  22:14  Refinery  
  117  22:19  Marine  
  117  22:20  Marine x5  
  125  22:24  Marine  
  125  22:25  Marine  
  119  22:31  Planetary Fortress  
  119  22:34  Banshee  
  119  22:41  Refinery, Orbital Command  
  119  22:44  Marine  
  119  22:45  SCV  
  119  22:46  Refinery  
  111  23:11  Marine  
  111  23:12  Marine x5  
  92  23:13  Marine, Marauder x2  
  92  23:14  Marauder  
Show
View Real Time Build Order
Export as new Build Order

BillGates Zerg - Winner!

Build Orders: Hatch First 

Get SALT Encoding   

  12  0:01  Drone  
  13  0:13  Drone  
  14  0:30  Drone x2, Extractor x2  
  16  0:45  Hatchery  
  15  0:50  Overlord  
  15  1:06  Spawning Pool  
  15  1:08  Drone  
  15  1:11  Drone  
  15  1:15  Drone  
  17  1:22  Drone  
  18  1:33  Drone  
  18  1:37  Extractor  
  18  1:43  Drone  
  19  1:51  Overlord  
  19  1:55  Queen  
  19  1:59  Queen  
  19  2:00  Drone  
  24  2:08  Drone x2  
  26  2:20  Drone x2  
  28  2:30  Drone x2  
  28  2:31  Queen  
  32  2:51  Zergling x4  
  32  2:55  Extractor  
  32  2:56  Extractor  
  32  3:04  Overlord, Drone  
  32  3:05  Drone  
  36  3:11  Hatchery  
  35  3:13  Overlord  
  35  3:14  Drone  
  36  3:21  Spine Crawler  
  36  3:22  Drone  
  36  3:23  Drone x4  
  40  3:29  Metabolic Boost  
  40  3:35  Overlord  
  40  3:36  Drone x2  
  40  3:41  Drone x2  
  44  3:42  Drone  
  44  3:44  Drone  
  46  3:48  Extractor  
  45  4:00  Drone x4, Extractor  
  48  4:12  Lair  
  48  4:16  Pneumatized Carapace  
  48  4:19  Drone  
  48  4:20  Drone x3  
  48  4:21  Drone  
  48  4:24  Extractor  
  52  4:28  Drone  
  52  4:29  Drone  
  52  4:30  Drone x5  
  59  4:33  Queen  
  61  4:48  Drone x3  
  61  4:49  Drone x2  
  61  4:50  Overlord x3  
  66  5:00  Evolution Chamber, Drone  
  66  5:02  Roach Warren  
  63  5:12  Evolution Chamber  
  62  5:17  Overseer  
  62  5:21  Overlord  
  62  5:22  Drone  
  62  5:23  Drone x11  
  62  5:26  Extractor  
  62  5:27  Extractor  
  72  5:30  Infestation Pit  
  72  5:31  Drone  
  72  5:32  Drone x2  
  72  5:34  Hatchery  
  73  5:35  Spore Crawler  
  73  5:38  Spore Crawler  
  73  5:40  Zerg Melee Weapons Level 1  
  71  5:43  Zerg Ground Armor Level 1  
  71  5:46  Drone x2  
  73  5:51  Spore Crawler  
  72  5:58  Drone x3  
  75  6:07  Queen  
  77  6:16  Overlord  
  77  6:17  Overlord x2  
  77  6:18  Hatchery  
  76  6:19  Hive  
  76  6:21  Glial Reconstitution  
  76  6:24  Roach x4  
  76  6:25  Roach  
  86  6:34  Drone x2  
  86  6:35  Baneling Nest  
  86  6:36  Drone  
  86  6:39  Spore Crawler  
  87  6:57  Zergling x2  
  87  6:58  Roach x3, Zergling x8  
  87  6:59  Zergling x2  
  99  7:05  Overlord x2  
  99  7:06  Overlord  
  99  7:07  Overlord  
  99  7:14  Drone x7  
  106  7:20  Spire  
  105  7:23  Hydralisk Den  
  104  7:31  Overseer x2  
  104  7:36  Baneling x4  
  104  7:38  Centrifical Hooks  
  104  7:43  Adrenal Glands  
  104  7:44  Overlord  
  104  7:45  Ultralisk Cavern, Zergling x6  
  104  7:46  Zergling x2  
  104  7:48  Drone  
  108  7:51  Extractor  
  108  7:52  Drone x3, Extractor  
  108  7:53  Spore Crawler  
  108  7:54  Drone x3  
  111  7:59  Hydralisk x4, Muscular Augments  
  111  8:02  Viper x2  
  125  8:26  Baneling x3  
  125  8:27  Zerg Melee Weapons Level 2  
  125  8:30  Spore Crawler  
  125  8:32  Zerg Ground Armor Level 2  
  125  8:33  Spine Crawler  
  123  8:35  Chitinous Plating, Greater Spire  
  123  8:45  Overlord x2  
  123  8:46  Ultralisk  
  123  8:47  Ultralisk  
  135  8:53  Spine Crawler  
  134  8:59  Ultralisk  
  134  9:00  Zergling x6  
  143  9:09  Hatchery  
  142  9:16  Drone x5  
  147  9:19  Spine Crawler  
  146  9:34  Ultralisk x3  
  146  9:35  Ultralisk  
  146  9:38  Overlord x3  
  170  9:39  Overlord  
  169  9:53  Corruptor x4  
  177  10:06  Extractor  
  176  10:09  Extractor  
  167  10:43  Queen  
  167  10:46  Zergling x6  
  167  10:47  Zergling x2  
  173  10:52  Brood Lord x2  
  173  10:53  Brood Lord x2  
  173  10:56  Zerg Flyer Armor Level 1  
  181  10:57  Lurker Den  
  181  10:58  Corruptor  
  181  10:59  Corruptor x4  
  181  11:00  Zergling x2  
  181  11:01  Zergling x12  
  198  11:04  Drone x2  
  200  11:25  Spore Crawler  
  199  11:29  Spine Crawler  
  199  11:30  Spine Crawler  
  196  11:49  Overseer  
  182  12:14  Hydralisk  
  182  12:15  Hydralisk x11  
  167  12:30  Corruptor  
  167  12:31  Corruptor x3  
  167  12:32  Hydralisk x8  
  158  12:48  Zergling x2  
  158  12:49  Roach, Zergling x8  
  158  12:50  Roach x3  
  157  12:57  Zerg Ground Armor Level 3  
  157  12:59  Zerg Melee Weapons Level 3  
  157  13:00  Zerg Flyer Weapons Level 1  
  157  13:07  Drone  
  157  13:08  Drone x2  
  160  13:21  Baneling x2  
  160  13:23  Hydralisk  
  160  13:24  Corruptor, Hydralisk x3  
  170  13:28  Spore Crawler  
  170  13:30  Viper  
  170  13:31  Viper  
  175  13:49  Spore Crawler  
  175  13:51  Spore Crawler  
  174  14:31  Brood Lord x2  
  171  14:42  Baneling x3  
  171  14:43  Ultralisk, Baneling x2  
  174  14:46  Overlord x3  
  174  14:47  Overlord  
  164  15:04  Viper x3  
  142  16:02  Hatchery  
  138  16:12  Hatchery  
  138  16:14  Overseer  
  138  16:15  Overseer x2  
  137  16:21  Hatchery  
  136  16:27  Zergling x2  
  136  16:28  Zergling x12  
  136  16:31  Zerg Missile Weapons Level 1  
  142  16:36  Extractor  
  141  16:42  Spore Crawler  
  136  17:06  Corruptor x4  
  136  17:07  Corruptor, Zergling x2  
  136  17:08  Zergling x2  
  119  17:30  Zergling x6  
  119  17:31  Roach x2  
  119  17:32  Roach x2  
  129  17:44  Queen  
  129  17:49  Drone  
  129  17:50  Drone x2  
  134  17:59  Overlord x2  
  134  18:00  Spore Crawler  
  134  18:01  Spore Crawler  
  134  18:04  Spine Crawler  
  131  18:06  Spine Crawler  
  101  18:42  Hatchery  
  101  18:43  Corruptor  
  101  18:44  Corruptor x4, Hydralisk  
  101  18:45  Hydralisk x3  
  101  18:58  Overseer x4  
  95  19:06  Drone x4  
  97  19:17  Drone x2  
  97  19:22  Drone  
  100  19:30  Baneling  
  98  19:46  Extractor  
  98  19:48  Corruptor x2  
  98  19:53  Drone  
  98  19:54  Drone  
  99  20:04  Drone  
  99  20:05  Drone x2  
  102  20:07  Drone x2  
  104  20:23  Brood Lord  
  106  20:29  Baneling x2  
  106  20:31  Hydralisk x2  
  110  20:39  Queen  
  112  20:43  Drone x3  
  112  20:44  Drone  
  112  20:46  Extractor  
  116  21:00  Drone x3  
  119  21:11  Drone x2  
  119  21:13  Queen  
  125  21:22  Drone x3  
  125  21:42  Spine Crawler  
  125  21:43  Spine Crawler  
  125  21:44  Spine Crawler  
  125  21:46  Spore Crawler  
  119  21:47  Spine Crawler  
  116  22:06  Ultralisk  
  116  22:07  Ultralisk x3  
  139  22:31  Hatchery  
  138  22:41  Drone x2  
  138  22:42  Drone  
  141  22:48  Brood Lord x3  
  141  22:50  Hatchery  
  141  22:51  Hydralisk x2  
Tags
 
Add a new tag
Caveats
  • Supply blocks, unpowered buildings, or Contaminate may cause inaccurate times.
  • Supply counts are checked every 10 seconds.